 Dungeon Crawl Stone Soup version 0.20.1-1-g8b1a95d (webtiles) character file.

147 Gremour the Chopper (level 5, -1/45 HPs)
             Began as a Hill Orc Monk on Jan 1, 2018.
             Succumbed to a worker ant's poison
             ... on level 3 of the Dungeon.
             The game lasted 00:11:23 (3502 turns).

Gremour the Chopper (Hill Orc Monk)                 Turns: 3502, Time: 00:11:24

Health: -1/45      AC:  6    Str: 14    XL:     5   Next: 29%
Magic:  5/5        EV: 10    Int: 10    God:
Gold:   122        SH:  0    Dex: 14    Spells: 4/4 levels left

rFire    + . .     SeeInvis .   a - +0 hand axe
rCold    . . .     Gourm    .   (no shield)
rNeg     . . .     Faith    .   p - +0 scale mail {rF+}
rPois    .         Spirit   .   (no helmet)
rElec    .         Reflect  .   (no cloak)
rCorr    .         Harm     .   (no gloves)
MR       .....                  (no boots)
Stlth    ..........             (no amulet)
Regen    0.2/turn               (no ring)
MPRegen  0.1/turn               (no ring)

@: lethally poisoned (-1 -> -22)
A: no striking features
a: no special abilities


You were on level 3 of the Dungeon.
You were not hungry.

You visited 1 branch of the dungeon, and saw 4 of its levels.

You collected 122 gold pieces.

Inventory:

Hand Weapons
 a - a +0 hand axe (weapon)
Missiles
 o - 4 tomahawks (quivered)
Armour
 p - a +0 scale mail of fire resistance (worn)
Wands
 q - a wand of confusion (17/48)
Scrolls
 b - 3 scrolls of remove curse {unknown}
 c - a scroll of enchant armour {unknown}
 d - 2 scrolls of amnesia {unknown}
 g - a scroll of noise {unknown}
 i - 4 scrolls of identify {unknown}
 j - 2 scrolls of magic mapping {unknown}
 l - 4 scrolls of teleportation {unknown}
 m - a scroll of fear {unknown}
Potions
 e - a potion of magic
Comestibles
 h - 2 bread rations
 k - a meat ration
 n - a royal jelly


   Skills:
 - Level 3.6 Fighting
 + Level 7.7 Axes
 - Level 2.4 Dodging
 - Level 1.5 Stealth


You had 4 spell levels left.
You didn't know any spells.

Dungeon Overview and Level Annotations

Branches:
Dungeon (4/15)
 Temple: D:4-7

Altars:
Qazlal


Message History

You barely miss the worker ant.
The worker ant is heavily wounded.
* * * LOW HITPOINT WARNING * * *
You feel sick. The worker ant bites you.
* * * LOW HITPOINT WARNING * * *
You are more poisoned.
The worker ant poisons you!
* * * LOW HITPOINT WARNING * * *
You feel sick. The worker ant bites you.
* * * LOW HITPOINT WARNING * * *
* * * LOW HITPOINT WARNING * * *
You feel sick.
* * * LOW HITPOINT WARNING * * *
You feel sick.
There is a stone staircase leading up here.
* * * LOW HITPOINT WARNING * * *
You feel sick. The worker ant barely misses you. The worker ant bites you.
* * * LOW HITPOINT WARNING * * *
You climb upwards.
You die...

## #.#........#.#
.######.#........#.#
o....##.#[.......#.#
#.##.##.######...#.# #.#.....#
##..#.# #.#..####
#..#.########## ...<.#
#..#....#.....#
.##).##########a.####.#.###.###
.##..........>..@...#.#.#<#...#
###.############.#..#.#.#.###.#
# #.# #.#.##.#.#.###.# # #.#
#.#.##.#.#.....# # #.#
#.#.##.#.####### .##.#
#.#....#.# .##.# #.######.#
.##.# #........# ....#
##########


You could see a worker ant.

Vanquished Creatures
  A gnoll (D:2)
  5 adders
  A worm (D:2)
  2 dart slugs (D:1)
  A leopard gecko (D:2)
  6 orcs
  7 giant cockroaches
  8 goblins
  9 hobgoblins
  3 jackals (D:3)
  2 quokkas (D:2)
  2 ball pythons
  8 bats
  4 frilled lizards
  5 kobolds
  8 rats
72 creatures vanquished.

Notes
Turn   | Place    | Note
-------+----------+-------------------------------------------
     0 | D:1      | Gremour the Hill Orc Monk began the quest for the Orb.
     0 | D:1      | Reached XP level 1. HP: 19/19 MP: 1/1
   211 | D:1      | Reached XP level 2. HP: 17/26 MP: 2/2
   437 | D:1      | Reached skill level 5 in Axes
   646 | D:1      | Reached XP level 3. HP: 25/31 MP: 3/3
  1114 | D:1      | Reached skill level 6 in Axes
  1582 | D:2      | Reached XP level 4. HP: 30/39 MP: 4/4
  1832 | D:2      | Reached skill level 7 in Axes
  2467 | D:3      | Found a stormy altar of Qazlal.
  2553 | D:3      | Reached XP level 5. HP: 45/45 MP: 5/5
  3501 | D:4      | HP: 2/45 [worker ant (1)]
  3502 | D:3      | Succumbed to a worker ant's poison

Skill      XL: |  1  2  3  4 |
---------------+-------------+-----
Axes           | 5 6 7 |  7.7
Fighting       | |  3.6
Dodging        | |  2.4
Stealth        | |  1.5

Action                   |  1- 3 |  4- 6 || total
-------------------------+-------+-------++-------
Melee: Hand axe          |   138 |   207 ||   345
  Use: Potion            |     2 |     1 ||     3
 Stab: Sleeping          |     1 |       ||     1
  Eat: Bread ration      |     1 |       ||     1
       Chunk             |       |     4 ||     4
Armor: Robe              |    12 |       ||    12
       Ring mail         |    19 |    71 ||    90
       Scale mail        |       |    10 ||    10
Dodge: Dodged            |    98 |   123 ||   221
